 Dungeon Crawl Stone Soup version 0.29.0-4-gdea44cf6ec (webtiles) character file.

Game seed: 11405901681463835989

264 qw the Sneak (level 6, -3/38 HPs)
             Began as a Gargoyle Delver on Sept 10, 2022.
             Slain by an iguana (4 damage)
             ... on level 4 of the Dungeon.
             The game lasted 00:01:45 (5641 turns).

qw the Sneak (Gargoyle Delver)                      Turns: 5641, Time: 00:01:45

Health: -3/38      AC: 11    Str: 18    XL:     6   Next: 19%
Magic:  6/6        EV: 10    Int: 10    God:
Gold:   179        SH:  0    Dex: 11    Spells: 5/5 levels left

rFire   . . .      SeeInvis +   Y - +0 hand axe
rCold   . . .      Faith    .   (no shield)
rNeg    + . .      Spirit   .   h - +0 scale mail
rPois   inf        Reflect  .   (no helmet)
rElec   +          Harm     .   (no cloak)
rCorr   .          Rampage  .   (no gloves)
Will    .....                   l - +0 pair of boots
Stlth   +.........              (no amulet)
HPRegen 0.12/turn               d - ring of see invisible
MPRegen 0.10/turn               (no ring)

@: about to teleport
A: sickness immunity, AC +4, negative energy resistance 1, electricity
resistance, torment resistance 1, petrification resistance
a: no special abilities


You were on level 4 of the Dungeon.
You visited 1 branch of the dungeon, and saw 5 of its levels.

You collected 179 gold pieces.


Innate Abilities, Weirdness & Mutations

You are immune to sickness and miasma.
Your stone body is resilient. (AC +4)
You are immune to poison.
You resist negative energy. (rN+)
You are resistant to electric shocks. (rElec)
You are resistant to unholy torment.
You are immune to petrification.


   Skills:
 + Level 3.8 Fighting
 - Level 5.3 Axes
 - Level 1.3 Armour
 - Level 1.5 Dodging
 - Level 5.4 Stealth


You had 5 spell levels left.
You didn't know any spells.
Your spell library was empty.

Inventory:

Hand Weapons
 c - a +0 club
 Y - a +0 hand axe (weapon)
Armour
 h - a +0 scale mail (worn)
 i - a +0 pair of gloves
 l - a +0 pair of boots (worn)
Jewellery
 b - a ring of see invisible
 d - a ring of see invisible (left hand)
Wands
 g - a wand of digging (3)
Scrolls
 a - a scroll of identify
 e - a scroll of blinking {unknown}
 k - a scroll of teleportation
Potions
 f - 2 potions of haste
 j - 2 potions of heal wounds {unknown}
 m - 2 potions of invisibility {unknown}

Dungeon Overview and Level Annotations

Branches:
Dungeon (5/15)
 Temple: D:4-7

Altars:
Fedhas


Message History

The iguana is moderately wounded.
The iguana bites you.
You hit the iguana but do no damage.
The iguana is moderately wounded.
The iguana closely misses you.
You closely miss the iguana.
The iguana is moderately wounded.
The iguana closely misses you.
You completely miss the iguana.
The iguana is moderately wounded.
The iguana bites you but does no damage.
You barely miss the iguana.
The iguana is moderately wounded.
The iguana barely misses you.
You closely miss the iguana.
The iguana is moderately wounded.
The iguana bites you!
You hit the iguana.
The iguana is heavily wounded.
The iguana misses you.
You completely miss the iguana.
The iguana is heavily wounded.
The iguana bites you.
You completely miss the iguana.
The iguana is heavily wounded.
The iguana bites you!
5638 ||| READING 2 scrolls of teleportation.
As you read the scroll of teleportation, it crumbles to dust.
You feel strangely unstable.
The iguana bites you but does no damage.
You closely miss the iguana.
The iguana is heavily wounded.
The iguana bites you but does no damage.
You slash the iguana!
The iguana is almost dead.
The iguana bites you!
You hit the iguana.
The iguana is almost dead.
The iguana bites you.
You die...

#~~~~~#####
#######~~~~~# ..
~~~#######~~###.##
~~~~~~~~~~#~~~#...
###############..# .#
#.# ##.#.# # .# #.#
..#.##.####
.###.####.#####.l....<.!
................@# #
####.##########.##.###
.###......##.........#
.#....#.#.##.....[##.#
.#........##......#
.....#....
.#....#...........#
#....#...
.#....###.........#
#......## .#....#
#....###### #......#.
####### #....# #......#.


You could see an iguana.

Vanquished Creatures
  An iguana (D:3)
  5 adders
  2 worms (D:2)
  4 dart slugs
  5 orcs
  5 ball pythons
  6 endoplasms
  5 giant cockroaches
  11 goblins
  6 hobgoblins
  4 jackals (D:1)
  6 bats
  2 frilled lizards (D:2)
  6 kobolds
  6 rats
74 creatures vanquished.

Vanquished Creatures (others)
  Sigmund (D:3)
1 creature vanquished.

Grand Total: 75 creatures vanquished

Notes
Turn   | Place    | Note
-------+----------+-------------------------------------------
     0 | D:5      | qw the Gargoyle Delver began the quest for the Orb.
     0 | D:5      | Reached XP level 1. HP: 14/14 MP: 1/1
     0 | D:5      | 0 ||| qw: Version: 0.1-a-116-g5d60599
     0 | D:5      | 0 ||| qw: Game counter: 7977
     0 | D:5      | 0 ||| qw: Always use a shield: true
     0 | D:5      | 0 ||| qw: God list: Okawaru
     0 | D:5      | 0 ||| qw: Allow faded altars: false
     0 | D:5      | 0 ||| qw: Do Orc after D:15 true
     0 | D:5      | 0 ||| qw: Do second Lair branch before Depths: true
     0 | D:5      | 0 ||| qw: Lair rune preference: random
     0 | D:5      | 0 ||| qw: Plans: Normal
     0 | D:5      | 0 ||| PLANNING D:1-11
     0 | D:5      | 0 ||| DROPPING scroll of fog.
     1 | D:5      | 1 ||| DROPPING scroll of magic mapping.
     2 | D:5      | 2 ||| DROPPING scroll of fear.
    30 | D:3      | 30 ||| PLANNING SEWER
    41 | D:3      | Identified the +1 robe of Inquiry {rPois Archmagi}
    45 | D:3      | Found a glowing drain.
    46 | D:3      | 46 ||| DROPPING +1 robe of Inquiry {rPois Archmagi}.
   105 | D:3      | 105 ||| Stepping ~*~*~tactically~*~*~ (hiding).
   218 | D:3      | Reached XP level 2. HP: 14/19 MP: 2/2
   221 | D:3      | HP: 3/19 [orc/+0 falchion (2)]
   222 | D:3      | HP: 1/19 [orc/+0 falchion (3)]
   655 | D:3      | Reached skill level 3 in Axes
   655 | D:3      | Reached XP level 3. HP: 17/23 MP: 3/3
   660 | D:3      | 660 ||| RIP SEWER
   739 | D:3      | 739 ||| PLANNING D:1-11
   817 | D:3      | 817 ||| Stepping ~*~*~tactically~*~*~ (stealth).
  1165 | D:2      | 1165 ||| Stepping ~*~*~tactically~*~*~ (hiding).
  1267 | D:2      | 1267 ||| Stepping ~*~*~tactically~*~*~ (hiding).
  1369 | D:2      | 1369 ||| Stepping ~*~*~tactically~*~*~ (hiding).
  1471 | D:2      | 1471 ||| Stepping ~*~*~tactically~*~*~ (hiding).
  1573 | D:2      | 1573 ||| Stepping ~*~*~tactically~*~*~ (hiding).
  1675 | D:2      | 1675 ||| Stepping ~*~*~tactically~*~*~ (hiding).
  1777 | D:2      | 1777 ||| Stepping ~*~*~tactically~*~*~ (hiding).
  1785 | D:2      | Reached XP level 4. HP: 28/28 MP: 4/4
  1785 | D:2      | 1785 ||| Stepping ~*~*~tactically~*~*~ (stealth).
  1786 | D:2      | 1786 ||| Stepping ~*~*~tactically~*~*~ (stealth).
  2059 | D:2      | 2059 ||| READING scroll labelled NUOCRA QINKOACSO.
  2162 | D:1      | 2162 ||| Stepping ~*~*~tactically~*~*~ (stealth).
  2682 | D:1      | 2682 ||| Stepping ~*~*~tactically~*~*~ (hiding).
  2784 | D:1      | 2784 ||| Stepping ~*~*~tactically~*~*~ (hiding).
  3108 | D:1      | 3108 ||| Stepping ~*~*~tactically~*~*~ (stealth).
  3110 | D:1      | 3110 ||| Stepping ~*~*~tactically~*~*~ (stealth).
  3121 | D:1      | Found a faded altar of an unknown god.
  3301 | D:1      | 3301 ||| Stepping ~*~*~tactically~*~*~ (hiding).
  3403 | D:1      | 3403 ||| Stepping ~*~*~tactically~*~*~ (hiding).
  3462 | D:1      | 3462 ||| UPGRADING to +0 ring mail.
  3472 | D:1      | 3472 ||| DROPPING +0 leather armour.
  3473 | D:1      | 3473 ||| UPGRADING to ring of see invisible.
  3474 | D:1      | 3474 ||| READING scroll labelled USEGGO DIRAPP.
  3478 | D:1      | 3478 ||| READING scroll labelled GYANAS ONWOECK.
  4256 | D:2      | Reached skill level 1 in Armour
  4258 | D:2      | Reached XP level 5. HP: 31/32 MP: 5/5
  4315 | D:2      | 4315 ||| Stepping ~*~*~tactically~*~*~ (stealth).
  4316 | D:2      | 4316 ||| Stepping ~*~*~tactically~*~*~ (stealth).
  4590 | D:2      | 4590 ||| UPGRADING to +0 pair of boots.
  4595 | D:2      | 4595 ||| READING scroll labelled LAEL WOULIE.
  4596 | D:2      | 4596 ||| READING scroll labelled MAELEAPELE.
  4597 | D:2      | 4597 ||| READING 2 scrolls of identify.
  4597 | D:2      | 4597 ||| IDENTIFYING glowing puce potion
  4598 | D:2      | 4598 ||| DROPPING potion of degeneration.
  4623 | D:3      | Noticed Sigmund
  4625 | D:3      | 4625 ||| Stepping ~*~*~tactically~*~*~ (hiding).
  4626 | D:3      | 4626 ||| Stepping ~*~*~tactically~*~*~ (hiding).
  4641 | D:3      | Killed Sigmund
  4642 | D:3      | Reached XP level 6. HP: 20/37 MP: 6/6
  5377 | D:3      | 5377 ||| UPGRADING to +0 scale mail.
  5387 | D:3      | 5387 ||| DROPPING +0 ring mail.
  5388 | D:3      | 5388 ||| READING scroll labelled GITIAM HUTSU.
  5473 | D:4      | Found a blossoming altar of Fedhas.
  5637 | D:4      | HP: 8/38 [iguana (10)]
  5638 | D:4      | 5638 ||| READING 2 scrolls of teleportation.
  5640 | D:4      | HP: 1/38 [iguana (7)]
  5641 | D:4      | Slain by an iguana

Levels and vault maps discovered:
D:1:      ncdulo_halloftheorcs, layout_basic,
          hellmonk_ecumenical_altar_crossroads, solitary_fountain
D:2:      minmay_diamond_boxcup, layout_basic
D:3:      cheibrodos_greedy_goblins, layout_rooms, portal_sewer_entry_c,
          uniq_sigmund
D:4:      layout_basic, fedhas_altar_2, serial_rivers,
          chequers_serial_rivers_micro_b, chequers_serial_rivers_small_3,
          chequers_serial_rivers_micro_b, chequers_serial_rivers_marsh,
          chequers_serial_rivers_large_b
D:5:      layout_loops_ring, marbit_many_paths

Skill      XL: |  1  2  3  4  5 |
---------------+----------------+-----
Axes           | 2 3 4 5 |  5.3
Armour         | 1 |  1.3
Fighting       | |  3.8
Dodging        | |  1.5
Stealth        | |  5.4

Action                   |  1- 3 |  4- 6 || total
-------------------------+-------+-------++-------
Melee: Hand axe          |    71 |   216 ||   287
       Punch             |       |     2 ||     2
Throw: Boomerang         |     5 |       ||     5
  Use: Scroll            |       |     8 ||     8
 Stab: Sleeping          |     2 |     3 ||     5
Armor: Leather armour    |    32 |    27 ||    59
       Ring mail         |       |    49 ||    49
       Scale mail        |       |    12 ||    12
Dodge: Dodged            |    44 |   123 ||   167

Table legend:
 A = Non-vault XP
 B = Vault XP
 C = Vault XP percentage of total XP
 D = Non-vault monster count
 E = Vault monster count
 F = Vault count percentage of total count
                 A         B        C        D         E       F
            +---------+---------+-------+---------+---------+-------
      Total |     195 |     183 |  48.4 |      56 |      19 |  25.3
            +---------+---------+-------+---------+---------+-------
        D:1 |      38 |       0 |   0.0 |      19 |       0 |   0.0
        D:2 |      39 |      27 |  40.9 |      14 |       8 |  36.4
        D:3 |     111 |     156 |  58.4 |      20 |      11 |  35.5
        D:4 |       7 |       0 |   0.0 |       3 |       0 |   0.0
            +---------+---------+-------+---------+---------+-------
